 Dungeon Crawl Stone Soup version 0.22.1-1-ga44c0e56f4 (webtiles) character file.

6001 Jukra the Basher (level 10, -11/90 HPs)
             Began as a Minotaur Berserker on Oct 20, 2018.
             Was a High Priest of Trog.
             Killed by divine providence
             ... invoked by an orc priest
              (13 damage)
             ... on level 9 of the Dungeon.
             The game lasted 00:31:27 (6137 turns).

Jukra the Basher (Minotaur Berserker)               Turns: 6137, Time: 00:31:30

Health: -11/90     AC: 20    Str: 24    XL:     10   Next: 55%
Magic:  9/9        EV:  9    Int:  4    God:    Trog [*****.]
Gold:   373        SH:  0    Dex: 11    Spells: 9/9 levels left

rFire    x . .     SeeInvis .   C - +1 morningstar (freeze)
rCold    + . .     Gourm    .   (no shield)
rNeg     . . .     Faith    .   j - +1 plate armour
rPois    .         Spirit   .   y - +1 hat
rElec    .         Reflect  .   t - +0 cloak
rCorr    .         Harm     .   (no gloves)
MR       .....                  (no boots)
Stlth    ..........             (no amulet)
HPRegen  0.25/turn              r - +3 ring of protection
MPRegen  0.11/turn              F - ring of ice

@: berserk cooldown, slowed, very slow
A: retaliatory headbutt, horns 2
a: Berserk, Trog's Hand, Brothers in Arms, Renounce Religion


You were on level 9 of the Dungeon.
You worshipped Trog.
Trog was extremely pleased with you.
You were not hungry.

You visited 1 branch of the dungeon, and saw 9 of its levels.
You also visited: Ossuary.

You collected 373 gold pieces.

Inventory:

Hand Weapons
 C - a +1 morningstar of freezing (weapon)
Armour
 j - a +1 plate armour (worn)
 t - a +0 cloak (worn)
 y - a +1 hat (worn)
Jewellery
 r - a +3 ring of protection (left hand)
 F - a ring of ice (right hand)
Wands
 A - a wand of acid (8)
Scrolls
 d - 2 scrolls of enchant armour
 e - 4 scrolls of identify
 f - 3 scrolls of blinking
 h - 2 scrolls of immolation {unknown}
 l - 3 scrolls of enchant weapon {unknown}
 m - 2 scrolls of magic mapping {unknown}
 s - a scroll of amnesia {unknown}
 v - 2 scrolls of fear {unknown}
 x - a scroll of fog
 E - 3 scrolls of remove curse
Potions
 a - 2 potions of degeneration {unknown}
 b - a potion of ambrosia {unknown}
 g - 3 potions of invisibility {unknown}
 k - 2 potions of might {unknown}
 n - 4 potions of curing
 o - 3 potions of brilliance {unknown}
 p - 5 potions of agility {unknown}
 q - 2 potions of lignification
 u - 3 potions of heal wounds {unknown}
 z - 2 potions of flight {unknown}
Comestibles
 c - 12 rations


   Skills:
 + Level 8.8 Fighting
   Level 7.3 Long Blades
 + Level 9.9 Maces & Flails
   Level 7.0 Polearms
 + Level 9.4 Armour
 + Level 4.5 Dodging
 + Level 1.8 Stealth


You had 9 spell levels left.
You didn't know any spells.
Your spell library contained the following spells:

 Spells                   Type           Power        Failure   Level  Hunger
 Beastly Appendage        Tmut           #.....       100%        1    ##.....
 Corona                   Hex            #......      100%        1    ##.....
 Magic Dart               Conj           #...         100%        1    ##.....
 Blink                    Tloc           N/A          100%        2    ###....
 Call Imp                 Summ           #.......     100%        2    ###....
 Ensorcelled Hibernation  Hex/Ice        #.....       100%        2    ###....
 Slow                     Hex            #.......     100%        2    ###....
 Sticks to Snakes         Tmut           #.......     100%        2    ###....
 Confuse                  Hex            #.......     100%        3    ####...
 Conjure Flame            Conj/Fire      #.......     100%        3    ####...
 Dazzling Spray           Conj/Hex       #.....       100%        3    ####...
 Mephitic Cloud           Conj/Pois/Air  #.......     100%        3    ####...
 Spider Form              Tmut/Pois      #.........   100%        3    ####...
 Tukima's Dance           Hex            #.......     100%        3    ####...
 Ice Form                 Ice/Tmut       #.......     100%        4    #####..
 Blade Hands              Tmut           #.........   100%        5    ######.


Dungeon Overview and Level Annotations

Branches:
Dungeon (9/15)             Temple (0/1) D:7
   Lair: D:8-11         Orc: D:9-12

Altars:
Ashenzari
Cheibriados
Gozag
Ru
Xom


Innate Abilities, Weirdness & Mutations

You reflexively headbutt those who attack you in melee.
You have a pair of horns on your head.


Message History

You headbutt the orc priest, but do no damage.
You hear some strange, mumbled words.
A puff of flame appears from out of thin air!
The puff of flame hits you!
* * * LOW HITPOINT WARNING * * *
Your plate armour prevents you from hitting something.
The orc priest hits you but does no damage.
Something completely misses you.
The orc priest hits you but does no damage.
You closely miss something. Something hits you but does no damage.
The orc priest hits you but does no damage.
Something hits you but does no damage.
You puncture something! You freeze something. Trog accepts your kill.
Trog appreciates your killing of a magic user.
Reactivating autopickup.
You feel a bit more experienced.
The orc priest calls down the wrath of Beogh upon you.
Beogh smites you!
You die...

#..........+
#..........#
#..........#
#..........#
#..........#
#...<......#
####'#######
#.)### ##.@)#
###o# ###s###
#.oo..#
#.....#
#.....#
#....)...#
#.....##.....
#.....# ##..


You could see a scorpion, an orc priest and an orc.

Vanquished Creatures
  The ghost of gre3edy the Covert, a novice DsEn of Ashenzari (D:8)
  A troll (D:9)
  Prince Ribbit (D:8)
  A spriggan (D:7)
  Eustachio (D:4)
  A wyvern (D:8)
  Grum (D:8)
  2 wargs (D:9)
  Menkaure (D:4)
  2 sky beasts (D:7)
  3 orc warriors
  An ice beast (D:8)
  A necrophage (D:7)
  A phantom (D:7)
  5 ogres
  A centaur (D:5)
  3 wolves (D:8)
  4 bullfrogs
  A wyvern zombie (D:7)
  5 water moccasin zombies (Ossuary)
  3 scorpions
  A water moccasin skeleton (D:4)
  3 killer bees (D:8)
  9 wights
  5 jellies
  A quasit (D:4)
  5 hounds
  3 orc priests
  2 bullfrog skeletons
  6 worker ants
  Ijyb (D:4)
  3 iguanas
  7 orc wizards
  3 big kobold zombies (Ossuary)
  2 hound skeletons
  2 mummies (Ossuary)
  9 gnolls
  8 adders
  2 shadow imps
  2 oozes
  6 adder zombies
  2 worms
  4 leopard geckos
  23 orcs
  10 bats
  4 giant cockroaches
  2 gnoll zombies (Ossuary)
  8 goblins
  7 hobgoblins
  5 jackals
  5 kobolds
  3 quokkas
  5 ball pythons
  3 frilled lizards
  4 hobgoblin zombies (Ossuary)
  7 kobold zombies (Ossuary)
  4 orc zombies (Ossuary)
  13 rats
229 creatures vanquished.

Vanquished Creatures (others)
  2 orcs (D:8)
2 creatures vanquished.

Grand Total: 231 creatures vanquished

Notes
Turn   | Place    | Note
-------+----------+-------------------------------------------
     0 | D:1      | Jukra the Minotaur Berserker began the quest for the Orb.
     0 | D:1      | Reached XP level 1. HP: 19/19 MP: 0/0
   134 | D:1      | Reached XP level 2. HP: 23/27 MP: 1/1
   309 | D:1      | Reached XP level 3. HP: 26/33 MP: 2/2
   470 | D:2      | Reached ** piety under Trog
   783 | D:2      | Reached XP level 4. HP: 30/41 MP: 3/3
   848 | D:2      | Found a snail-covered altar of Cheibriados.
  1388 | D:3      | Found an opulent altar of Gozag.
  1390 | D:3      | Found a shimmering altar of Xom.
  1417 | D:3      | Noticed an ogre
  1423 | D:3      | Killed an ogre
  1423 | D:3      | Reached skill level 5 in Maces & Flails
  1423 | D:3      | Reached XP level 5. HP: 47/47 MP: 4/4
  1741 | D:4      | Noticed Eustachio
  1744 | D:4      | Found a glowing drain.
  1785 | D:4      | Killed Eustachio
  1785 | D:4      | Reached skill level 5 in Fighting
  1785 | D:4      | Reached skill level 1 in Stealth
  1785 | D:4      | Reached XP level 6. HP: 42/56 MP: 5/5
  1832 | D:4      | Noticed Ijyb
  1844 | D:4      | Killed Ijyb
  1844 | D:4      | Reached *** piety under Trog
  1859 | D:4      | Noticed Menkaure
  1867 | D:4      | Killed Menkaure
  1867 | D:4      | Reached skill level 1 in Long Blades
  1867 | D:4      | Reached XP level 7. HP: 46/61 MP: 6/6
  2062 | D:4      | Reached skill level 5 in Armour
  2077 | D:4      | Found a shattered altar of Ashenzari.
  2489 | D:5      | Entered Level 5 of the Dungeon
  2927 | D:5      | Reached XP level 8. HP: 49/70 MP: 7/7
  3005 | D:5      | Reached skill level 5 in Long Blades
  3027 | D:5      | Found a sand-covered staircase.
  3049 | Ossuary  | Entered an ossuary
  3076 | Ossuary  | Reached **** piety under Trog
  3711 | D:6      | Reached ***** piety under Trog
  4037 | D:6      | Reached skill level 1 in Polearms
  4037 | D:6      | Reached XP level 9. HP: 79/79 MP: 8/8
  4346 | D:6      | Found a sacrificial altar of Ru.
  4557 | D:7      | Reached skill level 5 in Polearms
  4747 | D:7      | Found a staircase to the Ecumenical Temple.
  4906 | D:7      | Found a sacrificial altar of Ru.
  5190 | D:8      | Noticed Prince Ribbit
  5198 | D:8      | Killed Prince Ribbit
  5433 | D:8      | Reached XP level 10. HP: 89/89 MP: 9/9
  5487 | D:8      | Found a runed gate.
  5487 | D:8      | Found a runed gate.
  5488 | D:8      | Noticed gre3edy's ghost (novice DsEn)
  5490 | D:8      | Found a runed gate.
  5515 | D:8      | Killed gre3edy's ghost
  5849 | D:8      | Noticed Grum
  5872 | D:8      | Killed Grum
  6132 | D:9      | HP: 2/90 [orc priest/divine providence (13)]
  6137 | D:9      | Killed from afar by an orc priest

Skill      XL: |  1  2  3  4  5  6  7  8  9 10 |
---------------+-------------------------------+-----
Fighting       | 4 5 6 7 8 |  8.8
Maces & Flails | 4 5 6 7 9 |  9.9
Armour         | 3 4 6 7 8 9 |  9.4
Dodging        | 3 4 |  4.5
Stealth        | 1 |  1.8
Long Blades    | 1 4 7 |  7.3
Polearms       | 1 7 |  7.0

Action                   |  1- 3 |  4- 6 |  7- 9 | 10-12 || total
-------------------------+-------+-------+-------+-------++-------
Melee: Mace              |    75 |    70 |       |       ||   145
       Headbutt          |    10 |    17 |    99 |    23 ||   149
       Falchion          |       |    21 |   201 |       ||   222
       Halberd           |       |       |   128 |       ||   128
       Morningstar       |       |       |    76 |   119 ||   195
Invok: Berserk           |       |     1 |     1 |     1 ||     3
  Use: Potion            |     1 |       |     1 |       ||     2
       Scroll            |       |     4 |     6 |       ||    10
 Stab: Sleeping          |     2 |       |       |       ||     2
  Eat: Ration            |       |     1 |     2 |     1 ||     4
       Chunk             |       |     1 |     6 |       ||     7
Armor: Animal skin       |    21 |       |       |       ||    21
       Plate armour      |     1 |    99 |   288 |    98 ||   486
       Skin              |       |       |    55 |       ||    55
Dodge: Dodged            |    56 |    47 |   184 |    73 ||   360
       Rpst.: Falchion   |       |     5 |    24 |       ||    29
